2797 views
Uploaded 2021-06-16 15:29:02
Game version 1.32.10
16:30 long 2on2 ladder game on (4)FurbolgMountain
Saved by euphoria
2797 views
Uploaded 2021-06-16 15:29:02
Game version 1.32.10
16:30 long 2on2 ladder game on (4)FurbolgMountain


59 units @ 8.2k
/ 1.6k
25 buildings @ 4.2k
/ 1.6k



| Staff of Preservation | 1 | 150 |
| Potion of Mana | 2 | 400 |
| Orb of Venom | 1 | 325 |
| Boots of Speed | 1 | 250 |
| Circlet of Nobility | 1 | 175 |
| Staff of Teleportation | 1 | 150 |
| Potion of Lesser Invulnerability | 1 | 150 |
| total: | 8 | 1600g |
| Wisp | 19 | 1140 | / | 0 |
| Huntress | 3 | 585 | / | 60 |
| Dryad | 5 | 725 | / | 300 |
| Druid of the Claw | 6 | 1530 | / | 480 |
| Archer | 2 | 260 | / | 20 |
| total: | 35 | 4240g | / | 860w |
| Altar of Elders | 1 | 180 | / | 50 |
| Moon Well | 6 | 1080 | / | 240 |
| Hunter's Hall | 1 | 210 | / | 100 |
| Ancient of War | 1 | 150 | / | 60 |
| Ancient of Wonders | 2 | 180 | / | 60 |
| Tree of Life | 1 | 340 | / | 185 |
| Ancient of Lore | 2 | 310 | / | 290 |
| Tree of Ages | 1 | 320 | / | 180 |
| Tree of Eternity | 1 | 330 | / | 200 |
| total: | 14 | 2450g | / | 985w |
| 0:04 | Wisp |
| 0:05 | Wisp |
| 0:05 | Wisp |
| 0:12 | Wisp |
| 0:22 | Altar of Elders |
| 0:34 | Moon Well |
| 0:45 | Wisp |
| 1:06 | Moon Well |
| 1:26 | Wisp |
| 1:26 | Wisp |
| 1:26 | Wisp |
| 1:26 | Wisp |
| 1:26 | Wisp |
| 2:10 | Hunter's Hall |
| 2:26 | Mana Burn |
| 2:29 | Ancient of War |
| 2:53 | Wisp |
| 2:54 | Wisp |
| 3:10 | Tree of Ages |
| 3:35 | Huntress |
| 3:48 | Boots of Speed |
| 3:49 | Circlet of Nobility |
| 3:49 | Staff of Teleportation |
| 4:08 | Huntress |
| 4:31 | Moon Well |
| 4:51 | Moon Well |
| 5:20 | Huntress |
| 5:36 | Frost Arrows |
| 5:54 | Ancient of Lore |
| 6:02 | Ancient of Lore |
| 6:26 | Ancient of Wonders |
| 6:42 | Tree of Eternity |
| 7:17 | Dryad |
| 7:19 | Druid of the Claw Adept Training |
| 8:05 | Abolish Magic |
| 8:06 | Druid of the Claw |
| 8:17 | Druid of the Claw |
| 9:00 | Staff of Preservation |
| 9:03 | Druid of the Claw Master Training |
| 9:14 | Howl of Terror |
| 9:19 | Archer |
| 9:57 | Strength of the Wild |
| 9:58 | Well Spring |
| 9:59 | Improved Strength of the Wild |
| 9:59 | Reinforced Hides |
| 10:05 | Druid of the Claw |
| 10:05 | Druid of the Claw |
| 10:16 | Evasion |
| 10:17 | Forked Lightning |
| 10:21 | Potion of Lesser Invulnerability |
| 10:42 | Druid of the Claw |
| 11:11 | Moon Well |
| 11:22 | Mark of the Claw |
| 11:39 | Advanced Strength of the Wild |
| 11:43 | Wisp |
| 11:43 | Wisp |
| 12:03 | Moon Well |
| 12:25 | Tree of Life |
| 12:29 | Dryad |
| 12:49 | Rain of Fire |
| 13:29 | Druid of the Claw |
| 13:33 | Dryad |
| 13:33 | Dryad |
| 14:13 | Ancient of Wonders |
| 14:19 | Dryad |
| 14:24 | Mana Burn |
| 14:24 | Forked Lightning |
| 14:33 | Potion of Mana |
| 14:33 | Potion of Mana |
| 15:21 | Archer |
| 15:35 | Marksmanship |
| 15:38 | Wisp |
| 15:38 | Wisp |
| 15:38 | Wisp |
| 15:39 | Wisp |
| 15:40 | Wisp |
| 16:01 | Orb of Venom |
| Right click | 1784 |
| Select group | 1108 |
| Select | 479 |
| Assign group | 327 |
| Build/train/purchase | 93 |
| Misc. action | 80 |
| Use ability | 38 |
| Minimap ping | 6 |
| Esc | 5 |
| Resource trade | 4 |
| Chat | 4 |
| Item give/drop | 2 |
| Remove unit | 1 |


| Lesser Clarity Potion | 3 | 210 |
| Healing Salve | 2 | 200 |
| Scroll of Speed | 3 | 150 |
| Potion of Healing | 2 | 300 |
| Potion of Mana | 1 | 200 |
| Scroll of Town Portal | 2 | 700 |
| Potion of Lesser Invulnerability | 1 | 150 |
| total: | 14 | 1910g |
| Peon | 7 | 525 | / | 0 |
| Troll Headhunter | 4 | 560 | / | 80 |
| Tauren | 4 | 1120 | / | 320 |
| Raider | 6 | 1080 | / | 240 |
| Spirit Walker | 2 | 390 | / | 70 |
| Wind Rider | 1 | 265 | / | 40 |
| total: | 24 | 3940g | / | 750w |
| Altar of Storms | 1 | 180 | / | 50 |
| Orc Burrow | 5 | 800 | / | 200 |
| War Mill | 1 | 205 | / | 0 |
| Voodoo Lounge | 1 | 130 | / | 30 |
| Barracks | 1 | 180 | / | 50 |
| Tauren Totem | 1 | 135 | / | 155 |
| Beastiary | 1 | 145 | / | 140 |
| Stronghold | 2 | 630 | / | 380 |
| Fortress | 1 | 325 | / | 190 |
| total: | 11 | 1775g | / | 625w |
| 0:03 | Peon |
| 0:05 | Altar of Storms |
| 0:08 | Peon |
| 0:17 | Orc Burrow |
| 0:22 | Peon |
| 0:41 | Peon |
| 0:50 | Peon |
| 0:59 | Peon |
| 1:12 | War Mill |
| 1:19 | Peon |
| 1:48 | Stronghold |
| 2:04 | Voodoo Lounge |
| 2:05 | Feral Spirit |
| 2:21 | Orc Burrow |
| 2:49 | Barracks |
| 3:57 | Troll Headhunter |
| 3:59 | Orc Burrow |
| 4:21 | Troll Headhunter |
| 4:25 | Fortress |
| 4:59 | Troll Headhunter |
| 5:08 | Lesser Clarity Potion |
| 5:08 | Healing Salve |
| 5:08 | Scroll of Speed |
| 5:16 | Tauren Totem |
| 5:41 | Beastiary |
| 6:07 | War Stomp |
| 6:28 | Orc Burrow |
| 6:53 | Tauren |
| 6:54 | Raider |
| 6:54 | Ensnare |
| 7:05 | Lesser Clarity Potion |
| 7:06 | Potion of Healing |
| 7:20 | Raider |
| 7:34 | Spirit Walker |
| 7:49 | Scroll of Town Portal |
| 8:02 | Pulverize |
| 8:11 | Chain Lighting |
| 8:15 | Raider |
| 9:17 | Tauren |
| 9:37 | Raider |
| 9:52 | Tauren |
| 9:52 | Tauren |
| 9:56 | Endurance Aura |
| 10:17 | Spirit Walker Adept Training |
| 10:18 | Steel Armor |
| 10:27 | Berserker Upgrade |
| 10:28 | Troll Headhunter |
| 11:02 | War Drums Damage Increase |
| 11:21 | Steel Melee Weapons |
| 12:07 | Reinforced Defenses |
| 12:27 | Orc Burrow |
| 13:04 | Spirit Walker Master Training |
| 13:32 | Feral Spirit |
| 13:47 | Spirit Walker |
| 13:49 | Lesser Clarity Potion |
| 13:49 | Scroll of Speed |
| 13:51 | Scroll of Town Portal |
| 13:51 | Potion of Healing |
| 13:56 | Potion of Mana |
| 14:04 | Wind Rider |
| 14:06 | War Stomp |
| 14:08 | Potion of Lesser Invulnerability |
| 14:21 | Healing Salve |
| 14:29 | Raider |
| 14:45 | Raider |
| 15:29 | Scroll of Speed |
| Right click | 1232 |
| Select group | 1019 |
| Select | 514 |
| Misc. action | 216 |
| Build/train/purchase | 179 |
| Assign group | 156 |
| Use ability | 39 |
| Minimap ping | 13 |
| Resource trade | 5 |
| Item give/drop | 2 |
| Esc | 1 |
69 units @ 9.7k
/ 0.9k
39 buildings @ 4.2k
/ 1.6k


| Scroll of Regeneration | 2 | 200 |
| Lesser Clarity Potion | 3 | 210 |
| Scroll of Town Portal | 3 | 1050 |
| Scroll of Healing | 1 | 250 |
| total: | 9 | 1710g |
| Peasant | 18 | 1350 | / | 0 |
| Footman | 7 | 945 | / | 0 |
| Priest | 4 | 540 | / | 40 |
| Sorceress | 4 | 620 | / | 80 |
| Spell Breaker | 6 | 1290 | / | 180 |
| total: | 39 | 4745g | / | 300w |
| Scout Tower | 4 | 120 | / | 80 |
| Arcane Tower | 1 | 70 | / | 50 |
| Guard Tower | 1 | 70 | / | 50 |
| Altar of Kings | 1 | 180 | / | 50 |
| Farm | 8 | 640 | / | 160 |
| Barracks | 1 | 160 | / | 60 |
| Arcane Vault | 1 | 130 | / | 30 |
| Lumber Mill | 1 | 120 | / | 0 |
| Town Hall | 1 | 385 | / | 205 |
| Blacksmith | 1 | 140 | / | 60 |
| Arcane Sanctum | 2 | 300 | / | 280 |
| Keep | 1 | 320 | / | 210 |
| total: | 20 | 2175g | / | 925w |
| 0:02 | Peasant |
| 0:02 | Peasant |
| 0:03 | Peasant |
| 0:07 | Altar of Kings |
| 0:19 | Farm |
| 0:22 | Barracks |
| 0:40 | Peasant |
| 0:40 | Peasant |
| 0:50 | Farm |
| 0:58 | Peasant |
| 1:18 | Peasant |
| 1:25 | Footman |
| 1:35 | Peasant |
| 1:41 | Farm |
| 1:49 | Footman |
| 1:57 | Peasant |
| 2:09 | Footman |
| 2:17 | Summon Water Elemental |
| 2:30 | Footman |
| 2:32 | Scout Tower |
| 2:56 | Defend |
| 3:01 | Arcane Tower |
| 3:52 | Peasant |
| 3:52 | Peasant |
| 4:18 | Keep |
| 4:24 | Footman |
| 4:29 | Arcane Vault |
| 4:37 | Farm |
| 4:57 | Lumber Mill |
| 5:19 | Footman |
| 5:28 | Brilliance Aura |
| 5:44 | Scroll of Regeneration |
| 5:44 | Lesser Clarity Potion |
| 5:54 | Farm |
| 5:56 | Farm |
| 6:44 | Arcane Sanctum |
| 7:04 | Scroll of Regeneration |
| 7:05 | Lesser Clarity Potion |
| 7:07 | Improved Lumber Harvesting |
| 7:39 | Storm Bolt |
| 7:50 | Priest |
| 7:50 | Priest |
| 8:03 | Arcane Sanctum |
| 8:04 | Peasant |
| 8:27 | Footman |
| 8:30 | Scroll of Town Portal |
| 8:56 | Sorceress |
| 9:14 | Priest Adept Training |
| 9:33 | Lesser Clarity Potion |
| 9:42 | Spell Breaker |
| 10:06 | Spell Breaker |
| 10:14 | Sorceress |
| 10:25 | Thunder Clap |
| 10:25 | Summon Water Elemental |
| 10:45 | Farm |
| 10:48 | Town Hall |
| 11:05 | Farm |
| 11:20 | Scroll of Town Portal |
| 11:40 | Sorceress |
| 11:53 | Peasant |
| 12:01 | Sorceress Adept Training |
| 12:13 | Thunder Clap |
| 12:17 | Spell Breaker |
| 12:22 | Priest |
| 12:25 | Peasant |
| 12:58 | Sorceress |
| 13:15 | Spell Breaker |
| 13:24 | Spell Breaker |
| 13:46 | Scroll of Town Portal |
| 13:55 | Scroll of Healing |
| 14:06 | Blacksmith |
| 14:52 | Spell Breaker |
| 14:54 | Brilliance Aura |
| 15:11 | Peasant |
| 15:12 | Peasant |
| 15:37 | Scout Tower |
| 15:40 | Peasant |
| 15:40 | Peasant |
| 15:48 | Iron Forged Swords |
| 16:01 | Storm Bolt |
| 16:05 | Guard Tower |
| 16:05 | Scout Tower |
| 16:07 | Scout Tower |
| 16:11 | Priest |
| Right click | 1323 |
| Select group | 1103 |
| Select | 773 |
| Misc. action | 368 |
| Chat | 254 |
| Build/train/purchase | 141 |
| Assign group | 75 |
| Use ability | 22 |
| Resource trade | 9 |
| Esc | 3 |
| Item give/drop | 2 |
| Minimap ping | 1 |
Spartan
(16:30) : 

x1)
| Lesser Clarity Potion | 6 | 420 |
| Potion of Healing | 1 | 150 |
| Scroll of Regeneration | 1 | 100 |
| Scroll of Town Portal | 3 | 1050 |
| Scroll of Healing | 1 | 250 |
| Potion of Lesser Invulnerability | 1 | 150 |
| Tome of Retraining | 1 | 300 |
| total: | 14 | 2420g |
| Peasant | 9 | 675 | / | 0 |
| Rifleman | 21 | 4305 | / | 630 |
| total: | 30 | 4980g | / | 630w |
| Scout Tower | 3 | 90 | / | 60 |
| Arcane Tower | 2 | 140 | / | 100 |
| Guard Tower | 1 | 70 | / | 50 |
| Farm | 9 | 720 | / | 180 |
| Blacksmith | 1 | 140 | / | 60 |
| Barracks | 1 | 160 | / | 60 |
| Altar of Kings | 1 | 180 | / | 50 |
| Arcane Vault | 2 | 260 | / | 60 |
| Lumber Mill | 1 | 120 | / | 0 |
| Town Hall | 1 | 385 | / | 205 |
| Keep | 1 | 320 | / | 210 |
| total: | 19 | 2055g | / | 675w |
| 0:01 | Peasant |
| 0:11 | Peasant |
| 0:17 | Farm |
| 0:20 | Peasant |
| 0:35 | Blacksmith |
| 0:42 | Peasant |
| 0:48 | Barracks |
| 0:54 | Farm |
| 0:56 | Peasant |
| 1:10 | Peasant |
| 1:31 | Altar of Kings |
| 1:35 | Peasant |
| 1:42 | Peasant |
| 1:57 | Peasant |
| 2:02 | Rifleman |
| 2:24 | Scout Tower |
| 2:27 | Rifleman |
| 2:30 | Farm |
| 2:51 | Arcane Tower |
| 3:10 | Rifleman |
| 3:13 | Holy Light |
| 3:35 | Keep |
| 3:46 | Rifleman |
| 3:46 | Rifleman |
| 3:46 | Rifleman |
| 3:46 | Rifleman |
| 4:10 | Rifleman |
| 4:15 | Farm |
| 4:34 | Arcane Vault |
| 4:40 | Lumber Mill |
| 5:00 | Rifleman |
| 5:18 | Black Gunpowder |
| 5:33 | Rifleman |
| 5:57 | Lesser Clarity Potion |
| 6:06 | Farm |
| 6:33 | Long Rifles |
| 6:54 | Improved Lumber Harvesting |
| 6:55 | Lesser Clarity Potion |
| 7:00 | Rifleman |
| 7:14 | Lesser Clarity Potion |
| 7:19 | Summon Water Elemental |
| 7:36 | Rifleman |
| 7:51 | Devotion Aura |
| 7:56 | Rifleman |
| 8:05 | Lesser Clarity Potion |
| 8:08 | Farm |
| 8:16 | Lesser Clarity Potion |
| 8:20 | Rifleman |
| 8:40 | Potion of Healing |
| 8:52 | Brilliance Aura |
| 8:59 | Scroll of Regeneration |
| 9:00 | Lesser Clarity Potion |
| 9:03 | Rifleman |
| 9:06 | Farm |
| 9:57 | Rifleman |
| 9:58 | Refined Gunpowder |
| 10:07 | Scroll of Town Portal |
| 10:39 | Devotion Aura |
| 10:40 | Studded Leather Armor |
| 10:47 | Farm |
| 10:48 | Farm |
| 10:56 | Summon Water Elemental |
| 11:29 | Arcane Vault |
| 12:10 | Scroll of Town Portal |
| 12:38 | Potion of Lesser Invulnerability |
| 12:38 | Scroll of Healing |
| 12:41 | Rifleman |
| 12:51 | Rifleman |
| 13:03 | Rifleman |
| 13:57 | Scroll of Town Portal |
| 14:02 | Tome of Retraining |
| 14:02 | Retrain Hero |
| 14:05 | Blizzard |
| 14:05 | Brilliance Aura |
| 14:16 | Town Hall |
| 14:19 | Scout Tower |
| 14:23 | Scout Tower |
| 14:47 | Rifleman |
| 14:55 | Holy Light |
| 15:10 | Arcane Tower |
| 15:11 | Guard Tower |
| 15:21 | Brilliance Aura |
| 15:36 | Reinforced Leather Armor |
| 16:06 | Rifleman |
| Select group | 1322 |
| Right click | 760 |
| Select | 693 |
| Misc. action | 347 |
| Chat | 157 |
| Build/train/purchase | 141 |
| Assign group | 60 |
| Use ability | 22 |
| Resource trade | 14 |
| Esc | 3 |
| Item give/drop | 2 |
| Minimap ping | 2 |
⇛